HSSL
SPANISH FORK HS @ INDIANAPOLIS HS CHAOS
05/10/2026
 
TOP OF THE 1ST
Spanish Fork HS batting - Pitching for Indianapolis HS Chaos : RHP Kevin García
Pitching: RHP Kevin García
Batting: RHB Gary Roberts 0-0: Ball
1-0: SINGLE (Line Drive, 8LS)
Batting: LHB Greg MacCanish 0-0: Foul Ball, location: 2F
0-1: Ball
1-1: Foul Ball, location: 2F
1-2: Strikes out swinging
Gary Roberts is caught stealing 2nd base
Batter strikes out.
Batting: LHB Jason Mills 0-0: Called Strike
0-1: Ground out 4-3 (Groundball, 4)
Top of the 1st over - 0 run(s), 1 hit(s), 0 error(s), 0 left on base; Spanish Fork HS 0 - Indianapolis HS 0
BOTTOM OF THE 1ST
Indianapolis HS Chaos batting - Pitching for Spanish Fork HS : RHP Jim Quinborough
Pitching: RHP Jim Quinborough
Batting: SHB Mark Hendree 0-0: Called Strike
0-1: Swinging Strike
0-2: Ball
1-2: Ball
2-2: Ball
3-2: Base on Balls
Batting: RHB Johnny Becker 0-0: Ball
1-0: Called Strike
1-1: Foul Ball, location: 2F
1-2: Ball
2-2: Foul Ball, location: 2F
2-2: Foul Ball, location: 2F
2-2: Foul Ball, location: 2F
2-2: Grounds into double play, U6-3 (Groundball, 6)
Batting: LHB Ben Donaldson 0-0: Called Strike
0-1: Ball
1-1: Fly out, F9 (Flyball, 9D)
Bottom of the 1st over - 0 run(s), 0 hit(s), 0 error(s), 0 left on base; Spanish Fork HS 0 - Indianapolis HS 0
TOP OF THE 2ND
Spanish Fork HS batting - Pitching for Indianapolis HS Chaos : RHP Kevin García
Batting: RHB Jim Jones 0-0: Called Strike
0-1: Ball
1-1: SINGLE (Groundball, 56)
Batting: RHB Steve Myers 0-0: Ball
1-0: Swinging Strike
1-1: Ball
2-1: Fly out, F3 (Popup, 34)
Batting: RHB Chester Mullins 0-0: Ball
1-0: Ball
2-0: Grounds into double play, 6-4-3 (Groundball, 6)
Top of the 2nd over - 0 run(s), 1 hit(s), 0 error(s), 0 left on base; Spanish Fork HS 0 - Indianapolis HS 0
BOTTOM OF THE 2ND
Indianapolis HS Chaos batting - Pitching for Spanish Fork HS : RHP Jim Quinborough
Batting: RHB Michael Hastings 0-0: Called Strike
0-1: Ball
1-1: Ball
2-1: Ball
3-1: Base on Balls
Batting: RHB Curt David 0-0: Ball
1-0: Swinging Strike
1-1: Called Strike
Michael Hastings steals 2nd base
1-2: Ball
2-2: 2-RUN HOME RUN (Line Drive, 78XD), Distance : 395 ft
Batting: RHB Jesús Lima 0-0: Called Strike
0-1: Ball
1-1: Swinging Strike
1-2: Strikes out swinging
Batting: RHB Patrice Charette 0-0: Called Strike
0-1: Foul Ball, location: 2F
0-2: SOLO HOME RUN (Flyball, 8LXD), Distance : 436 ft
Batting: RHB Zander von Strantz 0-0: Ball
1-0: Ball
2-0: Called Strike
2-1: Ball
3-1: Base on Balls
Batting: LHB Kyle Robbins 0-0: Ball
1-0: Foul Ball, location: 2F
1-1: Called Strike
1-2: Ball
2-2: Ball
3-2: Base on Balls
Zander von Strantz to second
Batting: SHB Mark Hendree 0-0: Ball
1-0: Ball
2-0: Ball
3-0: Called Strike
3-1: Base on Balls
Zander von Strantz to third
Kyle Robbins to second
Batting: RHB Johnny Becker Reached via error on a dropped throw, E6
Zander von Strantz scores
Kyle Robbins to third
Mark Hendree to second
Batting: LHB Ben Donaldson 0-0: Ball
1-0: Foul Ball, location: 2F
1-1: SINGLE (Line Drive, 4D)
Kyle Robbins scores
Mark Hendree to third
Johnny Becker to second
Runner from 3rd tries for Home, throw and OUT!
Now in RF: Jason Lawson
Batting: RHB Michael Hastings 0-0: SINGLE (Flyball, 34D)
Johnny Becker to third
Ben Donaldson to second
Runner from 3rd tries for Home, SAFE, no throw or cutoff
Batting: RHB Curt David 0-0: Ball
1-0: Swinging Strike
1-1: Ball
2-1: Fly out, F7 (Flyball, 7LM)
Bottom of the 2nd over - 6 run(s), 4 hit(s), 1 error(s), 2 left on base; Spanish Fork HS 0 - Indianapolis HS 6
TOP OF THE 3RD
Spanish Fork HS batting - Pitching for Indianapolis HS Chaos : RHP Kevin García
Batting: RHB Julius Shelton 0-0: Ball
1-0: Swinging Strike
1-1: Swinging Strike
1-2: Ball
2-2: Ball
3-2: Base on Balls
Batting: SHB Héctor Arteago 0-0: Called Strike
0-1: Ball
1-1: Foul Ball, location: 2F
1-2: SINGLE (Groundball, 56D)
Julius Shelton to second
Batting: RHB Gary Yarn 0-0: Swinging Strike
0-1: Foul Ball, location: 2F
0-2: Strikes out swinging
Batting: RHB Gary Roberts 0-0: Ball
1-0: Called Strike
1-1: Fly out, F9 (Line Drive, 89M)
Batting: LHB Greg MacCanish 0-0: Ball
1-0: Fly out, F8 (Flyball, 8RD)
Top of the 3rd over - 0 run(s), 1 hit(s), 0 error(s), 2 left on base; Spanish Fork HS 0 - Indianapolis HS 6
BOTTOM OF THE 3RD
Indianapolis HS Chaos batting - Pitching for Spanish Fork HS : RHP Jim Quinborough
Batting: RHB Jesús Lima 0-0: Called Strike
0-1: Ball
1-1: Ball
2-1: Called Strike
2-2: Fly out, F7 (Line Drive, 78M)
Batting: RHB Patrice Charette 0-0: Called Strike
0-1: Ball
1-1: Ball
2-1: Foul Ball, location: 2F
2-2: Strikes out swinging
Batting: RHB Zander von Strantz 0-0: Ball
1-0: Ball
2-0: Foul Ball, location: 2F
2-1: Foul Ball, location: 2F
2-2: Ball
3-2: Base on Balls
Batting: LHB Kyle Robbins 0-0: Ball
1-0: Foul Ball, location: 2F
1-1: Ball
2-1: Ball
3-1: Called Strike
3-2: Base on Balls
Zander von Strantz to second
Pitching: LHP Thomas Cole
Batting: SHB Mark Hendree 0-0: Called Strike
0-1: Foul Ball, location: 2F
0-2: Ball
1-2: Ball
Wild Pitch!
Zander von Strantz to third
Kyle Robbins to second
2-2: Strikes out swinging
Bottom of the 3rd over - 0 run(s), 0 hit(s), 0 error(s), 2 left on base; Spanish Fork HS 0 - Indianapolis HS 6
TOP OF THE 4TH
Spanish Fork HS batting - Pitching for Indianapolis HS Chaos : RHP Kevin García
Batting: LHB Jason Mills 0-0: SOLO HOME RUN (Flyball, 9LD), Distance : 318 ft
Batting: RHB Jim Jones 0-0: Called Strike
0-1: Ball
1-1: Ball
2-1: Ball
3-1: Base on Balls
Batting: RHB Jason Lawson 0-0: Ball
1-0: Foul Ball, location: 2F
1-1: Foul Ball, location: 2F
1-2: Fly out, F4 (Popup, 34)
Batting: RHB Chester Mullins 0-0: Ball
1-0: Ball
2-0: Fly out, F8 (Flyball, 8RM)
Batting: RHB Julius Shelton 0-0: Ground out 6-3 (Groundball, 6)
Top of the 4th over - 1 run(s), 1 hit(s), 0 error(s), 1 left on base; Spanish Fork HS 1 - Indianapolis HS 6
BOTTOM OF THE 4TH
Indianapolis HS Chaos batting - Pitching for Spanish Fork HS : LHP Thomas Cole
Batting: RHB Johnny Becker 0-0: Ball
1-0: DOUBLE (Flyball, 89M)
Batting: LHB Ben Donaldson 0-0: Called Strike
0-1: Ball
1-1: Ball
2-1: Foul Ball, location: 2F
2-2: Ball
3-2: Ground out 1-3 (Groundball, 13)
Johnny Becker to third
Batting: RHB Michael Hastings 0-0: Called Strike
0-1: Ball
1-1: Ball
2-1: Ball
Wild Pitch!
Johnny Becker scores
3-1: Called Strike
3-2: Base on Balls
Batting: RHB Curt David 0-0: Ball
1-0: Foul Ball, location: 2F
1-1: Called Strike
1-2: Ball
2-2: Grounds into double play, 5-4-3 (Groundball, 5L)
Bottom of the 4th over - 1 run(s), 1 hit(s), 0 error(s), 0 left on base; Spanish Fork HS 1 - Indianapolis HS 7
TOP OF THE 5TH
Spanish Fork HS batting - Pitching for Indianapolis HS Chaos : RHP Kevin García
Batting: SHB Héctor Arteago 0-0: Ball
1-0: Ball
2-0: Ball
3-0: Called Strike
3-1: Ground out 4-3 (Groundball, 4)
Batting: RHB Gary Yarn 0-0: Called Strike
0-1: SINGLE (Line Drive, 4MD)
Batting: RHB Gary Roberts 0-0: Foul Ball, location: 2F
0-1: Fly out, F4 (Popup, 4M)
Batting: LHB Greg MacCanish 0-0: Called Strike
0-1: Called Strike
0-2: Ball
1-2: Ball
2-2: Strikes out swinging
Top of the 5th over - 0 run(s), 1 hit(s), 0 error(s), 1 left on base; Spanish Fork HS 1 - Indianapolis HS 7
BOTTOM OF THE 5TH
Indianapolis HS Chaos batting - Pitching for Spanish Fork HS : LHP Thomas Cole
Batting: RHB Jesús Lima 0-0: Swinging Strike
0-1: DOUBLE (Flyball, 7M)
Batting: RHB Patrice Charette 0-0: Called Strike
0-1: Foul Ball, location: 2F
0-2: Strikes out swinging
Batting: RHB Zander von Strantz 0-0: Called Strike
0-1: Called Strike
0-2: Strikes out looking
Batting: LHB Kyle Robbins 0-0: Called Strike
0-1: Called Strike
0-2: Ball
1-2: Strikes out looking
Bottom of the 5th over - 0 run(s), 1 hit(s), 0 error(s), 1 left on base; Spanish Fork HS 1 - Indianapolis HS 7
TOP OF THE 6TH
Spanish Fork HS batting - Pitching for Indianapolis HS Chaos : RHP Kevin García
Batting: LHB Jason Mills 0-0: Foul Ball, location: 2F
0-1: Fly out, F9 (Flyball, 9LM)
Batting: RHB Jim Jones 0-0: Called Strike
0-1: Hit by Pitch
Batting: RHB Jason Lawson 0-0: Foul Ball, location: 2F
0-1: Ball
1-1: Foul Ball, location: 2F
1-2: Foul Ball, location: 2F
1-2: Foul Ball, location: 2F
1-2: Foul Ball, location: 2F
1-2: Foul Ball, location: 2F
1-2: Ball
2-2: Foul Ball, location: 2F
2-2: Foul Ball, location: 2F
2-2: Ball
3-2: Foul Ball, location: 2F
3-2: Base on Balls
Jim Jones to second
Pitching: LHP Steve Turkington
Batting: RHB Chester Mullins 0-0: Called Strike
0-1: Ball
1-1: Swinging Strike
1-2: Ball
2-2: Ball
3-2: Grounds into double play, 6-4-3 (Groundball, 6M)
Top of the 6th over - 0 run(s), 0 hit(s), 0 error(s), 1 left on base; Spanish Fork HS 1 - Indianapolis HS 7
BOTTOM OF THE 6TH
Indianapolis HS Chaos batting - Pitching for Spanish Fork HS : LHP Thomas Cole
Batting: SHB Mark Hendree 0-0: Called Strike
0-1: Swinging Strike
0-2: Fly out, F9 (Flyball, 9LS)
Batting: RHB Johnny Becker 0-0: Swinging Strike
0-1: Foul Ball, location: 2F
0-2: Ball
1-2: Foul Ball, location: 2F
1-2: Ball
2-2: Strikes out swinging
Batting: LHB Ben Donaldson 0-0: Ball
1-0: Foul Ball, location: 2F
1-1: SINGLE (Line Drive, 89S)
Batting: RHB Michael Hastings 0-0: Called Strike
0-1: Ball
1-1: SINGLE (Flyball, 9LS)
Ben Donaldson to second
Batting: RHB Curt David 0-0: Ball
1-0: Ball
2-0: Ball
3-0: Called Strike
3-1: Swinging Strike
3-2: Foul Ball, location: 2F
3-2: Base on Balls
Ben Donaldson to third
Michael Hastings to second
Batting: RHB Jesús Lima 0-0: Ball
1-0: Foul Ball, location: 2F
1-1: Ball
2-1: Foul Ball, location: 2F
2-2: Ball
3-2: Foul Ball, location: 2F
3-2: Base on Balls
Ben Donaldson scores
Michael Hastings to third
Curt David to second
Batting: RHB Patrice Charette 0-0: Ball
1-0: Called Strike
1-1: Ball
2-1: SINGLE (Line Drive, 89M)
Michael Hastings scores
Curt David to third
Jesús Lima to second
Runner from 3rd tries for Home, SAFE, no throw or cutoff
Pitching: RHP Terry Joyce
Batting: RHB Zander von Strantz 0-0: Foul Ball, location: 2F
0-1: Ball
1-1: Swinging Strike
1-2: Fly out, F8 (Flyball, 8RM)
Bottom of the 6th over - 3 run(s), 3 hit(s), 0 error(s), 2 left on base; Spanish Fork HS 1 - Indianapolis HS 10
TOP OF THE 7TH
Spanish Fork HS batting - Pitching for Indianapolis HS Chaos : LHP Steve Turkington
Batting: RHB Julius Shelton 0-0: Called Strike
0-1: Called Strike
0-2: Strikes out swinging
Batting: SHB Héctor Arteago 0-0: Ball
1-0: DOUBLE (Groundball, 5L)
Batting: RHB Gary Yarn 0-0: Called Strike
0-1: 2-RUN HOME RUN (Line Drive, 78XD), Distance : 392 ft
Batting: RHB Gary Roberts 0-0: Ball
1-0: Ball
2-0: Fly out, F8 (Flyball, 8RM)
Batting: LHB Greg MacCanish 0-0: Called Strike
0-1: Foul Ball, location: 2F
0-2: Strikes out swinging
Top of the 7th over - 2 run(s), 2 hit(s), 0 error(s), 0 left on base; Spanish Fork HS 3 - Indianapolis HS 10
BOTTOM OF THE 7TH
Indianapolis HS Chaos batting - Pitching for Spanish Fork HS : RHP Terry Joyce
Batting: LHB Kyle Robbins 0-0: Foul Ball, location: 2F
0-1: Ball
1-1: Ball
2-1: Swinging Strike
2-2: Foul Ball, location: 2F
2-2: Strikes out swinging
Batting: SHB Mark Hendree 0-0: Ball
1-0: SOLO HOME RUN (Line Drive, 9LD), Distance : 327 ft
Batting: RHB Johnny Becker 0-0: Ball
1-0: Foul Ball, location: 2F
1-1: Ball
2-1: Fly out, F8 (Flyball, 8RM)
Batting: LHB Ben Donaldson 0-0: Called Strike
0-1: Ball
1-1: Ball
2-1: Foul Ball, location: 2F
2-2: Ground out 4-3 (Groundball, 34)
Bottom of the 7th over - 1 run(s), 1 hit(s), 0 error(s), 0 left on base; Spanish Fork HS 3 - Indianapolis HS 11
TOP OF THE 8TH
Spanish Fork HS batting - Pitching for Indianapolis HS Chaos : LHP Steve Turkington
Now in LF: Jack Gillespie
Batting: LHB Jason Mills 0-0: Called Strike
0-1: Ball
1-1: Called Strike
1-2: Strikes out swinging
Pitching: RHP David Chapman
Batting: RHB Jim Jones 0-0: Swinging Strike
0-1: Called Strike
0-2: Foul Ball, location: 2F
0-2: Foul Ball, location: 2F
0-2: Strikes out looking
Batting: RHB Jason Lawson 0-0: Ball
1-0: Swinging Strike
1-1: Ball
2-1: Foul Ball, location: 2F
2-2: Strikes out swinging
Top of the 8th over - 0 run(s), 0 hit(s), 0 error(s), 0 left on base; Spanish Fork HS 3 - Indianapolis HS 11
BOTTOM OF THE 8TH
Indianapolis HS Chaos batting - Pitching for Spanish Fork HS : RHP Terry Joyce
Batting: RHB Michael Hastings 0-0: Ball
1-0: Ball
2-0: Fly out, F7 (Flyball, 7M)
Batting: RHB Curt David 0-0: SOLO HOME RUN (Flyball, 78XD), Distance : 391 ft
Batting: RHB Jesús Lima 0-0: Foul Ball, location: 2F
0-1: Fly out, F9 (Flyball, 9M)
Batting: RHB Patrice Charette 0-0: Swinging Strike
0-1: Fly out, F9 (Flyball, 89M)
Bottom of the 8th over - 1 run(s), 1 hit(s), 0 error(s), 0 left on base; Spanish Fork HS 3 - Indianapolis HS 12
TOP OF THE 9TH
Spanish Fork HS batting - Pitching for Indianapolis HS Chaos : RHP David Chapman
Now at 1B: Danny Giles
Batting: RHB Chester Mullins 0-0: Ball
1-0: Ball
2-0: Ball
3-0: Foul Ball, location: 2F
3-1: Base on Balls
Batting: RHB Julius Shelton 0-0: Ball
1-0: Ball
2-0: Ball
3-0: Base on Balls
Chester Mullins to second
Batting: SHB Héctor Arteago 0-0: Grounds into double play, 4-6-3 (Groundball, 4)
Chester Mullins to third
Batting: RHB Gary Yarn 0-0: 2-RUN HOME RUN (Flyball, 78XD), Distance : 397 ft
Batting: RHB Gary Roberts 0-0: Called Strike
0-1: Swinging Strike
0-2: Strikes out swinging
Top of the 9th over - 2 run(s), 1 hit(s), 0 error(s), 0 left on base; Spanish Fork HS 5 - Indianapolis HS 12
Monday, December 5th, 2016 - OOTP Baseball 17.12 Build 75